 Dungeon Crawl Stone Soup version 0.15.2 (webtiles) character file.

233 Heini the Covered (level 5, -2/47 HPs)
             Began as a Minotaur Fighter on Feb 15, 2015.
             Slain by an ogre
             ... wielding a +0 giant club
              (9 damage)
             ... on Level 4 of the Dungeon.
             The game lasted 00:04:42 (1816 turns).

Heini the Covered (Minotaur Fighter)                Turns: 1816, Time: 00:04:42

HP  -2/47        AC  7     Str 22      XL: 5   Next: 74%
MP   2/2         EV  7     Int  5      God:
Gold 90          SH 10     Dex  9      Spells:  0 memorised,  4 levels left

rFire  + . .     SeeInvis .     a - +1 flail
rCold  . . .     Clarity  +     b - +0 scale mail
rNeg   . . .     rCorr    .     c - +1 shield
rPois  .         rRot     .     (helmet restricted)
rElec  .         Spirit   .     (no cloak)
SustAb .         Warding  .     (no gloves)
rMut   .         Stasis   .     (no boots)
Gourm  .                        r - amulet of clarity
MR     .....                    m - ring of protection from fire
                                o - ring of flight

@: not resistant to hostile enchantments, extremely unstealthy
A: retaliatory headbutt, horns 2
a: Evoke Flight


You were on level 4 of the Dungeon.
You were not hungry.

You visited 1 branch of the dungeon, and saw 4 of its levels.

You collected 90 gold pieces.

Inventory:

Hand weapons
 a - a +1 flail (weapon)
Armour
 b - a +0 scale mail (worn)
 c - a +1 shield (worn)
Comestibles
 d - 5 bread rations
 g - 5 fruits
 h - a slice of pizza
 j - a royal jelly
 n - a beef jerky
 q - a meat ration
Scrolls
 f - a scroll of magic mapping
 i - 2 scrolls of blinking
 k - 4 scrolls of remove curse
Jewellery
 l - an uncursed ring of see invisible
 m - a ring of protection from fire (right hand)
 o - a ring of flight (left hand)
 r - an amulet of clarity (around neck)
Potions
 e - a potion of might
 p - a potion of brilliance
 s - a potion of agility
 t - a potion of curing
 v - a potion of restore abilities {unknown}
 w - a potion of heal wounds {unknown}


   Skills:
 * Level 4.9 Fighting
 * Level 4.2 Maces & Flails
 * Level 6.1 Armour
 - Level 3.6 Shields


You had 4 spell levels left.
You didn't know any spells.

Dungeon Overview and Level Annotations

Branches:
Dungeon (4/15)
 Temple: D:4-7

Altars:


Innate Abilities, Weirdness & Mutations

You reflexively headbutt those who attack you in melee.
You have a pair of horns on your head.


Message History

The orc wizard gestures wildly while chanting.
The orc wizard blinks!
The orc priest calls down the wrath of Beogh upon you.
Something smites you!
* * * LOW HITPOINT WARNING * * *
The orc hits you but does no damage.
You thump the hobgoblin!
You kill the hobgoblin!
The orc priest hits you but does no damage.
The orc hits you with a hand axe.
* * * LOW HITPOINT WARNING * * *
You sock the ogre! You headbutt the ogre.
The ogre is heavily wounded.
The orc priest utters an invocation to Beogh.
You feel a wave of unholy energy pass over you.
The orc completely misses you.
The orc wizard casts a spell.
The orc wizard seems to speed up.
The orc closely misses you. The ogre hits you with a giant club!
You die...

###. #...
#.#. ...
.. #. #.##
#.O# #o@#
#ooo..#
#.........
#.....###.
#.##### ..
.# ..


You could see an ogre, an orc priest, an orc wizard and 2 orcs.

Vanquished Creatures
  A phantom (D:3)
  Natasha (thrice) (D:3)
  3 adders
  2 giant mites (D:3)
  A giant gecko (D:3)
  2 orcs (D:3)
  3 ball pythons
  6 bats
  4 giant cockroaches
  8 hobgoblins
  2 quokkas (D:2)
  2 giant newts
  6 goblins
  6 jackals (D:2)
  10 kobolds
  6 rats
65 creatures vanquished.

Notes
Turn   | Place    | Note
--------------------------------------------------------------
     0 | D:1      | Heini, the Minotaur Fighter, began the quest for the Orb.
     0 | D:1      | Reached XP level 1. HP: 19/19 MP: 1/1
    66 | D:1      | Reached skill level 4 in Armour
    66 | D:1      | Reached XP level 2. HP: 27/27 MP: 1/1
   625 | D:2      | Reached XP level 3. HP: 25/33 MP: 2/2
  1247 | D:3      | Noticed Natasha
  1251 | D:3      | Killed Natasha
  1251 | D:3      | Reached skill level 5 in Armour
  1251 | D:3      | Reached XP level 4. HP: 25/41 MP: 2/2
  1349 | D:3      | Noticed Natasha
  1366 | D:3      | Killed Natasha
  1423 | D:3      | Noticed Natasha
  1426 | D:3      | Killed Natasha
  1514 | D:3      | Noticed a phantom
  1542 | D:3      | Killed a phantom
  1542 | D:3      | Reached XP level 5. HP: 28/47 MP: 2/2
  1580 | D:3      | Reached skill level 6 in Armour
  1814 | D:4      | Noticed an ogre
  1816 | D:4      | Slain by an ogre

Action                   |  1- 3 |  4- 6 || total
-------------------------+-------+-------++-------
Melee: Flail             |   112 |    55 ||   167
  Use: Scroll            |     2 |     7 ||     9
  Eat: Chunk             |     1 |     2 ||     3
